 Dungeon Crawl Stone Soup version 0.22.1-1-ga44c0e56f4 (webtiles) character file.

47341 Jynx the Earth Mage (level 14, -1/88 HPs)
             Began as a Gargoyle Earth Elementalist on Oct 16, 2018.
             Was an Elder of Vehumet.
             Slain by a five-headed hydra (3 damage)
             ... on level 12 of the Dungeon.
             The game lasted 01:11:49 (30226 turns).

Jynx the Earth Mage (Gargoyle Earth Elementalist)  Turns: 30226, Time: 01:11:50

Health: -1/88      AC: 20    Str: 12    XL:     14   Next: 41%
Magic:  22/29      EV: 15    Int: 21    God:    Vehumet [****..]
Gold:   1248       SH:  0    Dex: 10    Spells: 14/35 levels left

rFire    + + .     SeeInvis .   p - +0 dagger (speed)
rCold    . . .     Gourm    .   (no shield)
rNeg     + . .     Faith    .   B - +2 robe {rF+}
rPois    ∞         Spirit   .   D - +2 helmet
rElec    +         Reflect  .   (no cloak)
rCorr    .         Harm     .   H - +0 pair of gloves
MR       +....                  S - +1 pair of boots {Fly}
Stlth    ++........             L - amulet of the acrobat
HPRegen  0.24/turn              l - ring of wizardry
MPRegen  0.21/turn              z - ring of protection from fire

@: flying
A: big wings, negative energy resistance 1, electricity resistance, unbreathing,
petrification resistance, rot immunity, AC +10
a: Stop Flying, Renounce Religion


You were on level 12 of the Dungeon.
You worshipped Vehumet.
Vehumet was greatly pleased with you.
You were not hungry.

You visited 4 branches of the dungeon, and saw 21 of its levels.
You also visited: Sewer and Ice Cave.

You collected 1248 gold pieces.

Inventory:

Hand Weapons
 p - a +0 dagger of speed (weapon)
Missiles
 b - 330 stones (quivered)
Armour
 B - a +2 robe of fire resistance (worn)
 D - a +2 helmet (worn)
 H - a +0 pair of gloves (worn)
 S - a +1 pair of boots of flying (worn)
Jewellery
 l - a ring of wizardry (left hand)
 z - a ring of protection from fire (right hand)
 F - an uncursed amulet of regeneration
 L - an amulet of the acrobat (around neck)
Wands
 g - a wand of digging (40)
 q - a wand of disintegration (10)
 y - a wand of random effects (21)
 A - a wand of acid (7)
 I - a wand of flame (67)
 O - a wand of paralysis (14)
Scrolls
 c - a scroll of brand weapon {unknown}
 f - 13 scrolls of teleportation
 i - 2 scrolls of fear {unknown}
 k - 5 scrolls of magic mapping
 n - 2 scrolls of blinking {unknown}
 o - 5 scrolls of amnesia
 r - 6 scrolls of remove curse
 s - 4 scrolls of enchant weapon {unknown}
 t - 2 scrolls of random uselessness {unknown}
 G - a scroll of immolation
 J - a scroll of acquirement {unknown}
 M - 3 scrolls of noise {unknown}
Potions
 a - 3 potions of mutation {unknown}
 e - 3 potions of magic
 h - 5 potions of agility
 j - 16 potions of curing
 m - a potion of resistance {unknown}
 u - 7 potions of heal wounds
 v - 8 potions of haste
 w - 2 potions of might {unknown}
 x - 2 potions of ambrosia {unknown}
 C - 3 potions of flight {unknown}
 E - 3 potions of lignification {unknown}
 N - a potion of cancellation {unknown}
 P - 4 potions of brilliance {unknown}
 R - 2 potions of berserk rage {unknown}
Comestibles
 d - 25 rations
 K - 3 chunks of flesh


   Skills:
 - Level 10.1 Fighting
 - Level 8.2 Dodging
 - Level 2.1 Stealth
 + Level 11.1 Spellcasting
 * Level 8.5 Conjurations
 - Level 2.6 Charms
 - Level 0.7 Transmutations
 - Level 2.3 Air Magic
 - Level 17.0 Earth Magic


You had 14 spell levels left.
You knew the following spells:

 Your Spells              Type           Power        Failure   Level  Hunger
a - Sandblast             Erth           ######       0%          1    None
b - Passwall              Tmut/Erth      #####...     1%          2    None
c - Stone Arrow           Conj/Erth      ######       1%          3    None
d - Petrify               Tmut/Erth      #####...     1%          4    #......
e - Lee's Rapid Deconstr  Erth           ######....   1%          5    ####...
f - Swiftness             Chrm/Air       ###.....     1%          2    None
g - Airstrike             Air            ###.......   2%          4    #......

Your spell library contained the following spells:

 Spells                   Type           Power        Failure   Level  Hunger
 Fireball                 Conj/Fire      ####......   3%          5    ####...
 Shock                    Conj/Air       ####         1%          1    None
 Sting                    Conj/Pois      ####         1%          1    None
 Mephitic Cloud           Conj/Pois/Air  ####....     1%          3    None
 Static Discharge         Conj/Air       ####....     1%          3    None
 Leda's Liquefaction      Hex/Erth       #####.....   1%          4    #......
 Throw Icicle             Conj/Ice       ####....     1%          4    #......
 Bolt of Magma            Conj/Fire/Erth #####.....   1%          5    ####...
 Iron Shot                Conj/Erth      ######....   1%          6    ######.
 Apportation              Tloc           ##....       2%          1    None
 Summon Butterflies       Summ           ##......     2%          1    None
 Poisonous Vapours        Pois/Air       ###...       2%          2    None
 Lightning Bolt           Conj/Air       ####......   2%          5    ####...
 Venom Bolt               Conj/Pois      ####......   3%          5    ####...
 Lesser Beckoning         Tloc           ##........   7%          3    None
 Tukima's Dance           Hex            ##......     7%          3    None
 Olgreb's Toxic Radiance  Pois           ##......     7%          4    #......
 Orb of Destruction       Conj           #####.....   16%         7    #######
 Shatter                  Erth           ######....   43%         9    #######
 Alistair's Intoxication  Tmut/Pois      ##......     45%         5    ####...
 Summon Forest            Summ/Tloc      ##........   52%         5    ####...
 Invisibility             Hex            ##......     96%         6    ######.
 Statue Form              Tmut/Erth      Unusable     N/A         6    N/A

Dungeon Overview and Level Annotations

Branches:
Dungeon (12/15)            Temple (1/1) D:6            Lair (6/6) D:10
  Swamp (0/4) Lair:3        Snake (0/4) Lair:4        Slime (0/5) Lair:6
    Orc (2/2) D:11
    Elf: Orc:2

Altars:
Ashenzari
Cheibriados
Dithmenos
Elyvilon
Fedhas
Gozag
Hepliaklqana
Kikubaaqudgha
Makhleb
Nemelex Xobeh
Okawaru
Qazlal
Ru
Sif Muna
Trog
Uskayaw
Vehumet
Wu Jian
Xom
Yredelemnul
Zin
The Shining One

Portals:
Trove: D:10 (show abyssal rune of Zot)

Annotations:
Lair:1 exclusion: 2 oklob plants
Orc:1 1 runed door, Sverke's ghost, journeyman GrMo


Innate Abilities, Weirdness & Mutations

You are resistant to torment.
Your stone body is resilient. (AC +10)
You are immune to poison.
Your large and strong wings let you fly indefinitely.
You resist negative energy. (rN+)
You are resistant to electric shocks. (rElec)
You can survive without breathing.
You are immune to petrification.
You are immune to rotting.


Message History

Casting: Lee's Rapid Deconstruction (safe; 1% risk of failure)
Confirm with . or Enter, or press ? or * to list all spells.
Aiming: Stone Arrow (safe; 1% risk of failure)
Press: ? - help, Shift-Dir - straight line The stone arrow hits the five-headed hydra.
The five-headed hydra is moderately wounded.
The five-headed hydra misses you.
The five-headed hydra bites you but does no damage.
The five-headed hydra bites you!
* * * LOW HITPOINT WARNING * * *
The five-headed hydra bites you.
* * * LOW HITPOINT WARNING * * *
The five-headed hydra bites you.
* * * LOW HITPOINT WARNING * * *
As you read the scroll labeled RILYKY SETEAVU, it crumbles to dust.
It is a scroll of amnesia.
Okay, then.
The five-headed hydra closely misses you.
The five-headed hydra bites you.
You die...

.. ###. #### #.. ..# ###.####
#### #######.##### #......#
###... #...........# #......#
#.'...
............#####......###.#...
............##.............#..)
#.........).#.@##......#####...
#.........†.#D###......# #...
#...........WZ# #......# #...
#...........### #......# #...
########.#### #####.## #### #.#
#.# # #.# #.# # #. #.# # #.# #


You could see a five-headed hydra, a wraith and a centaur warrior zombie.

Vanquished Creatures
  10 hydras
  4 two-headed ogres
  A catoblepas (Lair:6)
  A manticore (D:11)
  6 black mambas
  6 elephants (Lair:5)
  Psyche (D:8)
  12 spiny frogs
  2 centaur skeletons (D:10)
  A kobold demonologist (D:12)
  2 rime drakes
  8 komodo dragons
  3 trolls
  A polar bear (Lair:4)
  9 hippogriffs
  13 blink frogs
  Prince Ribbit (D:8)
  45 yaks
  A spriggan (D:8)
  A water elemental (D:11)
  2 wyverns (Lair:6)
  A basilisk (D:10)
  3 vampire mosquitoes (Lair:3)
  A steam dragon (D:10)
  Edmund (D:6)
  A warg (Orc:1)
  20 water moccasins
  A soldier ant (D:12)
  9 porcupines
  7 sky beasts
  8 orc warriors
  3 ice beasts
  5 black bears
  A phantom (D:7)
  7 ogres
  4 boggarts (Lair:4)
  13 wolves
  6 centaurs
  12 crocodiles
  A big kobold (D:11)
  15 bullfrogs
  A wyvern skeleton (D:8)
  2 scorpions
  A water moccasin skeleton (D:7)
  4 killer bees (D:7)
  16 wights
  An electric eel (D:11)
  A howler monkey (D:4)
  4 crimson imps
  A bullfrog zombie (D:11)
  2 quasits
  3 hounds
  10 orc wizards
  2 bullfrog skeletons
  4 jellies
  8 orc priests
  Jessica (D:3)
  An iguana (D:6)
  Natasha (thrice) (D:4)
  2 hell rats (Lair:5)
  10 worker ants
  A killer bee zombie (D:8)
  A hound skeleton (D:7)
  A hound zombie (D:9)
  2 howler monkey zombies
  8 gnolls
  A howler monkey skeleton (D:7)
  20 adders
  8 river rats
  12 white imps (Lair:3)
  An ooze (D:2)
  3 adder zombies
  2 worms (D:4)
  3 dart slugs
  5 leopard geckos
  40 orcs
  10 giant cockroaches
  11 goblins
  7 hobgoblins
  4 jackals
  8 quokkas
  7 ball pythons
  5 bats
  13 frilled lizards
  13 kobolds
  A leopard gecko skeleton (D:4)
  23 rats
  A plant (D:4)
537 creatures vanquished.

Vanquished Creatures (others)
  A basilisk (D:10)
  2 yaks (IceCv)
  2 wolves (IceCv)
  3 bushes (Lair:5)
  25 fungi
  19 plants
52 creatures vanquished.

Grand Total: 589 creatures vanquished

Notes
Turn   | Place    | Note
-------+----------+-------------------------------------------
     0 | D:1      | Jynx the Gargoyle Earth Elementalist began the quest for
                  | the Orb.
     0 | D:1      | Reached XP level 1. HP: 10/10 MP: 3/3
   343 | D:1      | Reached skill level 4 in Earth Magic
   343 | D:1      | Reached XP level 2. HP: 7/15 MP: 1/5
  1230 | D:2      | Reached XP level 3. HP: 19/19 MP: 6/6
  1371 | D:2      | Reached skill level 5 in Earth Magic
  1505 | D:2      | Reached XP level 4. HP: 24/24 MP: 8/8
  1865 | D:3      | Noticed Jessica
  1922 | D:3      | Killed Jessica
  2024 | D:3      | Reached XP level 5. HP: 17/28 MP: 5/9
  2144 | D:3      | Learned a level 2 spell: Passwall
  2148 | D:3      | Learned a level 3 spell: Stone Arrow
  2153 | D:3      | Learned a level 4 spell: Petrify
  2218 | D:3      | Reached skill level 6 in Earth Magic
  2438 | D:3      | Found a blossoming altar of Fedhas.
  2873 | D:3      | Reached XP level 6. HP: 17/32 MP: 8/11
  3333 | D:4      | Reached skill level 7 in Earth Magic
  3555 | D:4      | Noticed Natasha
  3967 | D:4      | Killed Natasha
  4139 | D:5      | Entered Level 5 of the Dungeon
  4259 | D:5      | Reached XP level 7. HP: 26/36 MP: 6/13
  4464 | D:5      | Reached skill level 8 in Earth Magic
  4743 | D:5      | Found a glowing drain.
  4775 | Sewer    | Entered a sewer
  5877 | D:5      | Learned a level 5 spell: Lee's Rapid Deconstruction
  5958 | D:6      | Reached skill level 1 in Fighting
  6042 | D:6      | Found a stormy altar of Qazlal.
  6069 | D:6      | Reached XP level 8. HP: 44/44 MP: 7/15
  6306 | D:4      | Found an iron altar of Okawaru.
  6416 | D:4      | Noticed Natasha
  6442 | D:4      | Killed Natasha
  6941 | D:4      | Noticed Natasha
  6946 | D:4      | Killed Natasha
  7836 | D:6      | Noticed Edmund
  7979 | D:6      | Killed Edmund
  7979 | D:6      | Reached skill level 5 in Fighting
  8118 | D:6      | Reached XP level 9. HP: 40/54 MP: 9/16
  8218 | D:6      | Found a white marble altar of Elyvilon.
  8219 | D:6      | Found a shimmering altar of Xom.
  8252 | D:6      | Found a staircase to the Ecumenical Temple.
  8465 | Temple   | Entered the Ecumenical Temple
  8594 | Temple   | Became a worshipper of Vehumet
  9272 | D:7      | Reached skill level 5 in Dodging
  9431 | D:7      | Found an ancient bone altar of Kikubaaqudgha.
  9731 | D:7      | Found an ornate altar of the Wu Jian Council.
  9879 | D:7      | Identified the Tome of Creative Confrontation
  9978 | D:7      | Found a glowing golden altar of the Shining One.
 10107 | D:7      | Found a burning altar of Makhleb.
 10254 | D:7      | Found a deep blue altar of Sif Muna.
 10458 | D:7      | Found a glowing silver altar of Zin.
 10720 | D:7      | Reached * piety under Vehumet
 10720 | D:7      | Offered knowledge of Sting by Vehumet.
 11017 | D:8      | Noticed Psyche
 11345 | D:8      | Noticed Prince Ribbit
 11353 | D:8      | Killed Prince Ribbit
 11361 | D:8      | Killed Psyche
 11361 | D:8      | Reached XP level 10. HP: 50/65 MP: 2/17
 11984 | D:8      | Noticed a two-headed ogre
 12375 | D:8      | Killed a two-headed ogre
 12585 | D:8      | Found the +3 hat of Pondering {ponderous, MR+ MP+10 Int+5}
 12846 | D:8      | Found a snail-covered altar of Cheibriados.
 12850 | D:8      | Learned a level 2 spell: Swiftness
 12852 | D:8      | Found a shattered altar of Ashenzari.
 12855 | D:8      | Found an iron altar of Okawaru.
 12900 | D:9      | Found a sacrificial altar of Ru.
 13121 | D:9      | Reached skill level 1 in Charms
 13179 | D:9      | Noticed a two-headed ogre
 13188 | D:9      | Killed a two-headed ogre
 13188 | D:9      | Reached skill level 10 in Fighting
 13188 | D:9      | Reached skill level 1 in Air Magic
 13755 | D:10     | Entered Level 10 of the Dungeon
 14048 | D:10     | Reached XP level 11. HP: 69/72 MP: 3/18
 14129 | D:10     | Found a portal to a secret trove of treasure.
 14182 | D:10     | Reached skill level 9 in Earth Magic
 14399 | D:10     | Offered knowledge of Magic Dart by Vehumet.
 14507 | D:10     | Reached ** piety under Vehumet
 14548 | D:10     | Reached skill level 5 in Spellcasting
 14739 | D:10     | Reached skill level 10 in Earth Magic
 15468 | D:10     | Found a staircase to the Lair.
 16050 | D:11     | Reached skill level 11 in Earth Magic
 16328 | D:11     | Offered knowledge of Ignite Poison by Vehumet.
 16503 | D:11     | Noticed a manticore
 16509 | D:11     | Killed a manticore
 16584 | D:11     | Reached *** piety under Vehumet
 16823 | D:11     | Noticed a two-headed ogre
 16829 | D:11     | Killed a two-headed ogre
 16829 | D:11     | Reached skill level 12 in Earth Magic
 16992 | D:11     | Found a staircase to the Orcish Mines.
 17467 | Lair:1   | Entered Level 1 of the Lair of Beasts
 17548 | D:10     | Reached XP level 12. HP: 39/77 MP: 1/22
 18310 | Lair:1   | Learned a level 4 spell: Airstrike
 18464 | Lair:1   | Got a shadowed robe
 18477 | Lair:1   | Identified the +0 robe of Philately {rPois} (You found it
                  | on level 1 of the Lair of Beasts)
 18802 | Lair:1   | Reached skill level 13 in Earth Magic
 18875 | Lair:1   | You fall through a shaft!
 19072 | Lair:2   | Noticed an eight-headed hydra
 19078 | Lair:2   | Killed an eight-headed hydra
 19411 | Lair:2   | Offered knowledge of Inner Flame by Vehumet.
 19809 | Lair:2   | Noticed an eight-headed hydra
 19816 | Lair:2   | Killed an eight-headed hydra
 19816 | Lair:2   | Reached skill level 14 in Earth Magic
 20231 | Lair:2   | Noticed a five-headed hydra
 20239 | Lair:2   | Killed a five-headed hydra
 20648 | Lair:3   | Found a frozen archway.
 20660 | Lair:3   | Reached **** piety under Vehumet
 20783 | IceCv    | Entered an ice cave
 20924 | Lair:3   | Reached skill level 15 in Earth Magic
 20924 | Lair:3   | Offered knowledge of Sticky Flame by Vehumet.
 21434 | Lair:3   | Reached XP level 13. HP: 80/82 MP: 18/25
 21793 | Lair:3   | Found a staircase to the Swamp.
 22877 | Lair:4   | Reached skill level 16 in Earth Magic
 23194 | Lair:4   | Found a staircase to the Snake Pit.
 24689 | Lair:5   | Reached ***** piety under Vehumet
 24888 | Lair:5   | Offered knowledge of Bolt of Fire by Vehumet.
 25138 | Lair:5   | Reached skill level 10 in Spellcasting
 25451 | Lair:5   | Reached skill level 17 in Earth Magic
 26052 | Lair:5   | Reached skill level 1 in Conjurations
 26512 | Lair:6   | Entered Level 6 of the Lair of Beasts
 26765 | Lair:6   | Found a staircase to the Slime Pits.
 27044 | Lair:6   | Reached skill level 5 in Conjurations
 27218 | Lair:6   | Gained mutation: Your large and strong wings let you fly
                  | indefinitely. [Gargoyle growth]
 27218 | Lair:6   | Reached XP level 14. HP: 64/88 MP: 12/28
 28978 | Orc:1    | Entered Level 1 of the Orcish Mines
 29425 | Orc:1    | Found a runed door.
 29428 | Orc:1    | Noticed Sverke's ghost (journeyman GrMo)
 29452 | Orc:1    | Offered knowledge of Fireball by Vehumet.
 29849 | Orc:2    | Entered Level 2 of the Orcish Mines
 29882 | Orc:2    | Noticed an orc warlord
 30225 | D:12     | HP: 3/88 [five-headed hydra (6)]
 30225 | D:12     | HP: 1/88 [five-headed hydra (2)]
 30226 | D:12     | Slain by a five-headed hydra

Skill      XL: |  1  2  3  4  5  6  7  8  9 10 11 12 13 14 |
---------------+-------------------------------------------+-----
Earth Magic    | 4 5 6 7 8 12 15 17 | 17.0
Spellcasting   | 3 4 7 8 10 11 | 11.1
Fighting       | 2 5 8 10 | 10.1
Dodging        | 2 4 6 8 |  8.2
Charms         | 2 |  2.6
Air Magic      | 2 |  2.3
Conjurations   | 5 8 |  8.5
Stealth        | |  2.1
Transmutations | |  0.7

Action                   |  1- 3 |  4- 6 |  7- 9 | 10-12 | 13-15 || total
-------------------------+-------+-------+-------+-------+-------++-------
Melee: Dagger            |    57 |   136 |   577 |   792 |   301 ||  1863
       Unarmed           |     4 |       |       |       |       ||     4
 Cast: Sandblast         |    25 |    66 |    56 |   130 |    60 ||   337
       Stone Arrow       |       |    15 |   105 |   214 |   300 ||   634
       Passwall          |       |     2 |     2 |     1 |     1 ||     6
       Lee's Rapid Decon |       |       |       |    36 |    26 ||    62
       Petrify           |       |       |       |     2 |     3 ||     5
       Swiftness         |       |       |       |     1 |     1 ||     2
  Use: Scroll            |     3 |     1 |     1 |     4 |     5 ||    14
 Stab: Sleeping          |     4 |     3 |     2 |     2 |     1 ||    12
       Petrified         |       |       |       |     2 |       ||     2
  Eat: Chunk             |     2 |     8 |    25 |    33 |    19 ||    87
       Ration            |       |       |     2 |     4 |     4 ||    10
Armor: Robe              |    18 |    58 |   127 |   288 |   269 ||   760
Dodge: Dodged            |    52 |   103 |   245 |   593 |   403 ||  1396
